 Dungeon Crawl Stone Soup version 0.18.1-2-ga659475 (webtiles) character file.

53 IcyTea the Slasher (level 3, -2/23 HPs)
             Began as a Tengu Fighter on May 8, 2016.
             Was an Initiate of Okawaru.
             Slain by Sigmund
             ... wielding a +0 scythe
              (7 damage)
             ... on level 2 of the Dungeon.
             The game lasted 00:07:07 (1433 turns).

IcyTea the Slasher (Tengu Fighter)                  Turns: 1433, Time: 00:07:12

Health: -2/23      AC:  6    Str: 17    XL:     3   Next: 87%
Magic:  4/4        EV: 20    Int:  8    God:    Okawaru [......]
Gold:   41         SH:  0    Dex: 13    Spells: 0 memorised, 2 levels left

rFire  + + .     SeeInvis .     (weapon currently unavailable)
rCold  + + .     Gourm    .     (armour currently unavailable)
rNeg   + + +     Faith    .     (shield currently unavailable)
rPois  +         Spirit   .     (helmet currently unavailable)
rElec  +         Dismiss  .     (cloak currently unavailable)
rCorr  +         Reflect  .     (gloves currently unavailable)
SustAt .         Harm     .     (boots unavailable)
MR     .....                    (amulet currently unavailable)
Stlth  +.........               (ring currently unavailable)
                                (ring currently unavailable)

@: wisp-form, flying quickly and evasively, very quick, not resistant to hostile
enchantments, very unstealthy
A: (beak), (talons 0)
a: Renounce Religion


You were on level 2 of the Dungeon.
You worshipped Okawaru.
Okawaru was noncommittal.
You were hungry.
You were an insubstantial wisp.
You visited 1 branch of the dungeon, and saw 2 of its levels.

You collected 41 gold pieces.

Inventory:

Hand Weapons
 a - a +1 long sword (melded)
Armour
 b - a +0 scale mail (melded)
 c - a +0 shield (melded)
Wands
 m - a wand of random effects (20/48)
Scrolls
 e - 3 scrolls of blinking
 h - 2 scrolls of teleportation
 i - a scroll of magic mapping {unknown}
Potions
 d - 2 potions of might
 j - a potion of degeneration {unknown}
Comestibles
 f - 4 bread rations
 g - 2 fruits
 k - a meat ration


   Skills:
 - Level 3.0 Fighting
 + Level 4.4 Long Blades
 - Level 3.2 Armour
 - Level 3.0 Shields


You had 2 spell levels left.
You didn't know any spells.

Dungeon Overview and Level Annotations

Branches:
Dungeon (2/15)

Altars:
Okawaru

Annotations:
D:2 Sigmund


Innate Abilities, Weirdness & Mutations

((You have a beak for a mouth.))
((You have claws for feet.))


Message History

Sigmund gestures at you while chanting. The puff of flame hits you!
You closely miss Sigmund. You claw Sigmund. You peck Sigmund.
Sigmund is heavily wounded.
Sigmund hits you with a scythe.
* * * LOW HITPOINT WARNING * * *
You completely miss Sigmund. You claw Sigmund, but do no damage.
Your peck misses Sigmund.
Sigmund is heavily wounded.
Sigmund barely misses you.
You slash Sigmund! You claw Sigmund.
Sigmund is almost dead.
You barely miss Sigmund. Your kick misses Sigmund.
Sigmund is almost dead.
Sigmund zaps a wand.
You turn into an insubstantial wisp.
Your +1 long sword melds into your body.
Your +0 shield melds into your body.
Your +0 scale mail melds into your body.
Sigmund hits you with a scythe!
You die...

.###### . #....
......# ##... #..####
## ..... .....# .##
###.# .###.# ..## #.
## ... ..# # # ##
#... #(# .## ### #.#
#.. ..# #v#### #..
#.# #.. #.@..# #.#
#.#### #... ####.###
#.# #....###. .###
#...# ..# .........#
..# ###.# ##.#
######...# #.# #.####
##..# #.###.##
#.)..####...#
#..##..####
####..##..#..
#########........####
##.##.###.


You could see Sigmund.

Vanquished Creatures
  An adder (D:2)
  An ooze (D:1)
  A worm (D:2)
  A dart slug (D:2)
  3 giant cockroaches
  8 goblins
  3 hobgoblins
  3 bats
  4 giant newts
  5 kobolds
  5 rats
35 creatures vanquished.

Notes
Turn   | Place    | Note
--------------------------------------------------------------
     0 | D:1      | IcyTea the Tengu Fighter began the quest for the Orb.
     0 | D:1      | Reached XP level 1. HP: 14/14 MP: 2/2
    45 | D:1      | Reached skill level 3 in Long Blades
    45 | D:1      | Reached XP level 2. HP: 19/19 MP: 3/3
   774 | D:1      | Reached XP level 3. HP: 19/23 MP: 4/4
   928 | D:2      | Found an iron altar of Okawaru.
   936 | D:2      | Reached skill level 4 in Long Blades
   941 | D:2      | Became a worshipper of Warmaster Okawaru
  1239 | D:2      | Noticed Sigmund
  1433 | D:2      | Slain by Sigmund

Skill      XL: |  1  2  3 |
---------------+----------+-----
Long Blades    | 3 4 |  4.4
Fighting       | |  3.0
Armour         | |  3.2
Shields        | |  3.0

Action                   || total
-------------------------++-------
Melee: Long sword        ||    93
       Peck              ||    11
       Kick              ||    21
  Use: Scroll            ||     7
       Potion            ||     6
  Eat: Chunk             ||     1
Armor: Scale mail        ||    38
Dodge: Dodged            ||    31
Block: Shield            ||    42
